[Event "Early-Titled-Tuesday-Blitz-May-28-2024"]
[Site "Chess.com"]
[Date "2024.05.28"]
[Round "1"]
[White "VD_coach"]
[Black "Chopper1905"]
[Result "0-1"]
[WhiteElo "2517"]
[BlackElo "2959"]
[TimeControl "180+1"]
[EndTime "8:08:07 PDT"]
[Termination "Chopper1905 won on time"]

1. Nf3 c5 2. e3 d5 3. d4 cxd4 4. exd4 Nc6 5. c3 Bg4 6. Be2 e6 7. O-O Bd6 8. Nbd2 Nge7 9. Re1 O-O 10. Nf1 Rb8 11. a4 a6 12. Ng3 b5 13. axb5 axb5 14. b4 Nf5 15. Nxf5 Bxf5 16. Bd3 Bxd3 17. Qxd3 h6 18. Nd2 e5 19. dxe5 Nxe5 20. Qh3 Qc8 21.
Qxc8 Rbxc8 22. Re3 Ng4 23. Rd3 Bxh2+ 24. Kf1 Be5 25. Rxd5 Bxc3 26. Rb1 Bxb4 27. Rxb5 Rxc1+ 28. Rxc1 Bxd2 29. Rc4 Re8 30. g3 Nf6 31. Rd4 Bc3 32. Rd3 Be5 33. Re3 Bd6 34. Rxe8+ Nxe8 35. Kg2 g6 36.
Rb7 Kg7 37. Rd7 Ba3 38. Ra7 Bb2 39. Ra2 Bf6 40. Rc2 h5 41. Re2 Nd6 42. Rd2 Nf5 43.
Rd5 Nd4 44. Ra5 Ne6 45. Ra7 Bd4 46. Rb7 g5 47. Rb4 Kg6 48. Rc4 Be5 49. Re4 f6 50. Ra4 g4 51. f3 gxf3+ 52. Kxf3 Nd4+ 53. Kg2 Nf5 54. g4 Ne3+ 55. Kh3 Nxg4 56. Kh4 Ne3 57.
Ra8 Nf5+ 58. Kh3 Nh6 59. Ra4 Kg5 60. Rc4 Ng4 61. Rc8 Nf2+ 62. Kg2 Nd3 63. Kh3 Nf4+ 64.
Kg3 h4+ 65. Kh2 Kg4 66. Rg8+ Kf3 67. Kh1 Ne2 68. Rg3+ Nxg3+ 0-1

[Event "Early-Titled-Tuesday-Blitz-May-28-2024"]
[Site "Chess.com"]
[Date "2024.05.28"]
[Round "1"]
[White "biveklama"]
[Black "DarZay"]
[Result "1-0"]
[WhiteElo "2617"]
[BlackElo "2305"]
[TimeControl "180+1"]
[EndTime "8:08:07 PDT"]
[Termination "biveklama won by resignation"]

1. e4 c5 2. Nf3 Nc6 3. Bb5 g6 4. Bxc6 dxc6 5. h3 Bg7 6. d3 Nf6 7. Nc3 Nd7 8. O-O O-O 9. Be3 b6 10. Qd2 Re8 11. Bh6 Nf8 12. Bxg7 Kxg7 13. a3 Ne6 14. b4 cxb4 15. axb4 Nd4 16. Nxd4 Qxd4 17. Ne2 Qd6 18. Qc3+ e5 19. f4 Bd7 20. Ra3 f6 21.
fxe5 Qxe5 22. Qxe5 Rxe5 23. Rfa1 a5 24. Nd4 f5 25. exf5 gxf5 26. Nb3 Re2 27. bxa5 bxa5 28. Rxa5 Rxa5 29. Rxa5 Kg6 30. Nd4 Re8 31. Ra7 Rd8 32. Rc7 Kg5 33. Nxc6 Bxc6 34. Rxc6 Re8 35. Kf2 Ra8 36.
Rc7 h5 37. g3 Ra1 38. Rc4 Rh1 39. h4+ Kf6 40. Kg2 Re1 41. Rc6+ Ke5 42. Rc5+ Kf6 43. Kf2 Rh1 44. c4 Rd1 45. Rd5 Ke6 46. Kf3 Rf1+ 47. Ke3 Rg1 48. Kf4 Rg2 49. Re5+ Kd6 50. Rxf5 Rd2 51. Rd5+ Ke6 52. Re5+ Kf6 53. Rf5+ Kg6 54. Rd5 Rf2+ 55. Ke4 Rf1 56. c5 Rg1 57. c6 Rxg3 58.
Rg5+ Rxg5 59. hxg5 Kxg5 60. c7 1-0

[Event "Early-Titled-Tuesday-Blitz-May-28-2024"]
[Site "Chess.com"]
[Date "2024.05.28"]
[Round "1"]
[White "Lennis93"]
[Black "NajdorfPlayerc5"]
[Result "0-1"]
[WhiteElo "2757"]
[BlackElo "2446"]
[TimeControl "180+1"]
[EndTime "8:08:10 PDT"]
[Termination "NajdorfPlayerc5 won by checkmate"]

1. d4 Nf6 2. Nf3 e6 3. c4 b6 4. g3 Bb7 5. Bg2 Be7 6. O-O O-O 7. d5 exd5 8. Nh4 c6 9. cxd5 Nxd5 10. Nf5 Nc7 11. e4 d5 12. exd5 cxd5 13. Nc3 Nba6 14. Bf4 Bf6 15. Re1 Nc5 16. Nd6 Bc6 17. Nxd5 Nxd5 18.
Bxd5 Bxd5 19. Qxd5 Qd7 20. Rab1 Ne6 21. Be5 Rad8 22.
Rbd1 Bxe5 23. Rxe5 Qc7 24. h4 Rd7 25. Qd2 Rfd8 26. Rd5 Qc6 27. h5 Nc7 28. Rd3 Ne8 29. Rc1 Qa8 30. Rc8 Rxc8 31. Nxc8 Rxd3 32. Ne7+ Kf8 33.
Qxd3 Kxe7 34. Qxh7 Qd5 35. Qc2 Qxh5 36. Qa4 Qc5 37.
Qxa7+ Kf8 38. Qa4 Qc1+ 39. Kg2 Qxb2 40. Qc4 Nd6 41. Qc6 Qb4 42. Qa8+ Ke7 43. a3 Qc5 44. Qa7+ Kf6 45. Qb8 Qd5+ 46. f3 Qc5 47. Qd8+ Kg6 48. g4 Qxa3 49. Qe7 Qc5 50. Kh3 f6 51. Qf8 Qa3 52.
Kg3 Ne4+ 53. Kf4 Qxf8 54. Kxe4 b5 55. f4 b4 56. f5+ Kf7 57. Kf3 Qb8 58. g5 b3 59. g6+ Kf8 60. Ke4 b2 61. Kd5 b1=Q 62.
Ke6 Q1b3+ 63. Kd7 Q8b7+ 64. Kd8 Q3d5# 0-1

[Event "Early-Titled-Tuesday-Blitz-May-28-2024"]
[Site "Chess.com"]
[Date "2024.05.28"]
[Round "1"]
[White "topce"]
[Black "Lion-Al-Messi"]
[Result "0-1"]
[WhiteElo "2366"]
[BlackElo "2666"]
[TimeControl "180+1"]
[EndTime "8:08:10 PDT"]
[Termination "Lion-Al-Messi won by checkmate"]

1. c4 c5 2. Nc3 Nc6 3. g3 g6 4. Bg2 Bg7 5. d3 e6 6. Bf4 d6 7. Nb5 e5 8. Bd2 Nge7 9. Qc1 Be6 10. Bh6 Bxh6 11. Qxh6 Nf5 12. Qd2 O-O 13. h4 h5 14.
Nf3 Ng7 15. Qh6 Nf5 16. Qd2 f6 17. O-O Rb8 18. e3 a6 19. Nc3 b5 20. b3 Qd7 21.
Ne1 Nce7 22. Nd5 Nxd5 23. cxd5 Bf7 24. Bh3 Qe8 25. e4 Nd4 26. Nc2 b4 27. Nxd4 exd4 28. f4 a5 29. Rae1 Kg7 30. f5 Qe5 31. Kh2 Rbe8 32. Rf2 Kh7 33. Ref1 Rg8 34. fxg6+ Rxg6 35. Rf4 Rh6 36. Qf2 Kg7 37. Rg1 Bg6 38. Kg2 Rf8 39. Kf1 f5 40. exf5 Bf7 41. g4 hxg4 42. Rfxg4+ Kh8 43. Re4 Qf6 44. Rf4 Bxd5 45. Rg5 a4 46. bxa4 Re8 47.
Qg3 Bxa2 48. Rg6 Rxg6 49. fxg6 Qe5 50. Qf3 Qe1+ 51. Kg2 Re2+ 52. Qf2 Rxf2+ 53. Rxf2 Bd5+ 54. Kg3 Qe3+ 55. Kg4 Qxf2 56. Kg5 Qe3+ 57. Kf6 Qxh3 58. h5 Qe6+ 59. Kg5 Qe5+ 60. Kg4 Be6+ 61. Kh4 Qf4# 0-1

[Event "Early-Titled-Tuesday-Blitz-May-28-2024"]
[Site "Chess.com"]
[Date "2024.05.28"]
[Round "1"]
[White "FlemingA"]
[Black "Aygehovit1992"]
[Result "0-1"]
[WhiteElo "2465"]
[BlackElo "2818"]
[TimeControl "180+1"]
[EndTime "8:08:11 PDT"]
[Termination "Aygehovit1992 won by checkmate"]

1. e4 c5 2. Nf3 e6 3. Qe2 Nc6 4. g3 e5 5. c3 Nf6 6. Na3 Be7 7.
Nc4 Nxe4 8. Ncxe5 d5 9. Bg2 O-O 10. O-O Re8 11. d3 Nf6 12. d4 Qb6 13. Nxc6 bxc6 14. Qc2 Ne4 15. Bf4 Bf5 16. Qb3 c4 17. Qxb6 axb6 18. Ne5 Rec8 19. a3 f6 20. Nf3 Kf7 21.
Nd2 g5 22. Be3 Ra5 23. h3 Nxd2 24. Bxd2 Rb5 25. Bc1 h5 26. Re1 Bd6 27. Kh2 h4 28. Kg1 hxg3 29. fxg3 Bxg3 30. Rf1 Bd3 31. Rf3 Bh4 32.
Bf1 Bxf1 33. Rxf1 Re8 34. a4 Rb3 35. a5 Ra8 36. a6 Rb5 37. Kg2 Ra5 38. Rxa5 bxa5 39.
Kf3 Rxa6 40. Kg4 Kg6 41. Rf3 a4 42. Re3 Rb6 43. Re6 a3 44. bxa3 Rb1 45. Be3 Re1 46.
Kf3 Kf5 47. Rxc6 Rh1 48. Rd6 Rxh3+ 49. Ke2 Kg4 50. Rxd5 f5 51. a4 f4 52. Bg1 f3+ 53. Kf1 Rh1 54. Re5 f2 55. Re4+ Kf3 56. Rxh4 gxh4 57.
d5 Rxg1# 0-1

[Event "Early-Titled-Tuesday-Blitz-May-28-2024"]
[Site "Chess.com"]
[Date "2024.05.28"]
[Round "1"]
[White "BashiqChess"]
[Black "GianmarcoVaR"]
[Result "0-1"]
[WhiteElo "2406"]
[BlackElo "2723"]
[TimeControl "180+1"]
[EndTime "8:08:12 PDT"]
[Termination "GianmarcoVaR won by checkmate"]

1. Nf3 g6 2. d4 Bg7 3. e3 d6 4. Be2 Nc6 5. O-O e5 6. dxe5 dxe5 7. Nc3 Nge7 8. e4 h6 9. Be3 Be6 10. Nb5 Qc8 11. c4 O-O 12. Nc3 Qd8 13. Nd5 Re8 14. Qd2 Kh7 15. Rfd1 a6 16. Qc3 Qc8 17. h4 Bg4 18. Qd2 Bxf3 19. Bxf3 Nd4 20. Bxd4 exd4 21. Re1 Qd8 22. Qf4 c6 23. Nc7 Qb8 24. Qg3 Rd8 25. Nxa8 Be5 26. Qh3 Qxa8 27. h5 g5 28. Bg4 Qb8 29.
Bf5+ Kh8 30. Rad1 Qd6 31. b3 a5 32. a4 Ng8 33. Qd3 Nf6 34. Qe2 Kg7 35. Rd3 Kf8 36.
Red1 Ke7 37. f3 Rg8 38. g4 Rd8 39. Qd2 Ne8 40. Qxa5 Nc7 41. c5 Qf6 42. Rxd4 Bxd4+ 43. Kg2 Qe5 44. Qb6 Ne8 45. Qxb7+ Kf8 46. Qb6 Rb8 47. Qxc6 Rxb3 48. Rd2 Qf4 49. Rf2 Bxf2 50.
e5 Bd4 51. e6 Rb2+ 52. Kf1 Qc1# 0-1

[Event "Early-Titled-Tuesday-Blitz-May-28-2024"]
[Site "Chess.com"]
[Date "2024.05.28"]
[Round "1"]
[White "jraosam"]
[Black "LLRChess"]
[Result "0-1"]
[WhiteElo "2104"]
[BlackElo "2570"]
[TimeControl "180+1"]
[EndTime "8:08:12 PDT"]
[Termination "LLRChess won by checkmate"]

1. e4 e6 2. d4 d5 3. exd5 exd5 4. Bd3 Nc6 5. c3 Bd6 6. Ne2 Nge7 7. O-O Bg4 8. f3 Bh5 9. Bf4 Bg6 10. Qc2 Qd7 11. Nd2 O-O-O 12. a4 f6 13. a5 a6 14. Bxd6 Qxd6 15. b4 Qe6 16. Kf2 Nf5 17. Bxf5 Bxf5 18. Nf4 Qd7 19. Qb2 g5 20. Ne2 Rhe8 21. Rfe1 Bd3 22.
Ng3 Na7 23. Nb3 Bc4 24. Nc5 Qf7 25. Qc2 Qg6 26. Qf5+ Qxf5 27. Nxf5 Nb5 28. Ne3 Nxc3 29. Nxc4 dxc4 30. Rxe8 Rxe8 31. Rc1 Nd5 32. Rd1 Nxb4 33. Ne4 Nd3+ 34. Kg3 f5 35. Nxg5 f4+ 36. Kh4 Re2 37.
d5 Rxg2 38. Ne6 h6 39. Kh5 Rxh2+ 40. Kg6 Kd7 41. Kf5 Kd6 42. Ke4 Nf2+ 43. Kxf4 Nxd1 44. Kg3 Re2 45. Nd4 Re8 46. f4 Kxd5 47. Nc2 Ne3 48. Ne1 Kd4 49. Nf3+ Kd3 50. Ne5+ Rxe5 51. fxe5 Nd5 52. e6 c3 53. Kg4 Ne7 54. Kh5 c2 55.
Kxh6 c1=Q+ 56. Kg7 Qg5+ 57. Kf7 Nd5 58. Kf8 Qe7+ 59. Kg8 Nf6+ 60. Kh8 Qh7# 0-1

[Event "Early-Titled-Tuesday-Blitz-May-28-2024"]
[Site "Chess.com"]
[Date "2024.05.28"]
[Round "1"]
[White "MikeSailer"]
[Black "Zq1"]
[Result "1-0"]
[WhiteElo "2072"]
[BlackElo "2552"]
[TimeControl "180+1"]
[EndTime "8:08:12 PDT"]
[Termination "MikeSailer won by resignation"]

1. d4 Nf6 2. Nf3 e6 3. Bf4 b6 4. e3 Bb7 5. Be2 Be7 6. h3 O-O 7. O-O c5 8. c3 cxd4 9. exd4 d6 10. Nbd2 a6 11. Re1 Re8 12. Bh2 Nbd7 13. Qb3 Nf8 14. Rad1 b5 15. a4 Bd5 16. Qb4 Rb8 17. axb5 axb5 18.
Ra1 Qb6 19. Ra5 Bc6 20. Rea1 Nd5 21. Qb3 Ng6 22. Ra6 Qb7 23. Ra7 Qc8 24. R1a5 b4 25.
c4 Ndf4 26. Bf1 Bf6 27. g3 Nh5 28. Rxh5 d5 29. Ne5 Bxe5 30. dxe5 d4 31. Bg2 Bxg2 32. Kxg2 Rd8 33. Qf3 Rf8 34. Ne4 h6 35. Nd6 Qd8 36. Rxf7 Qb6 37. g4 d3 38. Bg3 d2 39. Rxf8+ Rxf8 40. Qd3 Nf4+ 41. Bxf4 Rxf4 42. Qxd2 Qc6+ 43. Kh2 Qf3 44.
c5 b3 45. c6 Qxf2+ 46. Qxf2 Rxf2+ 47. Kg3 Rc2 48. g5 Rxc6 49. gxh6 g6 50. Rh4 Kh7 51. Rb4 Kxh6 52. Rxb3 Rc5 53. Re3 g5 54. b3 Rb5 55.
Kf3 Rb4 56. Ke2 g4 57. hxg4 Kg5 58. Kd2 Rxg4 59. Kc3 Rg1 60. b4 Rc1+ 61. Kb3 Rc8 62.
Nxc8 1-0

[Event "Early-Titled-Tuesday-Blitz-May-28-2024"]
[Site "Chess.com"]
[Date "2024.05.28"]
[Round "1"]
[White "Ural_bogatyr"]
[Black "Polish_fighter3000"]
[Result "1/2-1/2"]
[WhiteElo "2557"]
[BlackElo "3105"]
[TimeControl "180+1"]
[EndTime "8:08:13 PDT"]
[Termination "Game drawn - insufficient material"]

1. d4 Nf6 2. Nc3 d5 3. Bf4 a6 4. e3 e6 5. g4 h6 6. Bg2 c5 7. h4 Qb6 8. Rb1 Nc6 9. g5 hxg5 10. hxg5 Rxh1 11. Bxh1 Ng8 12. Nge2 cxd4 13. exd4 Bd7 14. Kf1 Nge7 15. b4 Nf5 16. a4 Nxb4 17. Na2 Bxa4 18. Qd2 Bb5 19. Nxb4 Bxe2+ 20. Kxe2 a5 21. Nxd5 Qxb1 22. Nc7+ Kd7 23. Nxa8 Qxh1 24. Qxa5 Nxd4+ 25. Kd3 Qf3+ 26. Be3 Qf5+ 27. Qxf5 Nxf5 28. Nb6+ Kc6 29. Nc4 Bd6 30. Nxd6 Kxd6 31. Bb6 Kd5 32. c4+ Ke5 33.
Bc7+ Nd6 34. c5 Kd5 35. cxd6 Kc6 36. Bb8 f6 37. g6 Kd7 38. Kd4 Kc6 39. f4 b6 40. Kc4 e5 41. fxe5 fxe5 42. Ba7 Kxd6 43. Bxb6 Ke6 44. Bd8 Kf5 45. Kd5 e4 46. Kd4 e3 47. Kxe3 Kxg6 48. Bc7 Kf5 49. Kf3 g6 50. Kg3 Kg5 51. Bd8+ Kf5 52. Ba5 Ke4 53. Bd2 Kf5 54. Bh6 Kf6 55. Be3 Kf7 56. Kg4 Ke6 57. Kg5 Kf7 58. Bd4 Ke6 59. Kxg6 1/2-1/2

[Event "Early-Titled-Tuesday-Blitz-May-28-2024"]
[Site "Chess.com"]
[Date "2024.05.28"]
[Round "1"]
[White "AljoschaFeuerstack"]
[Black "NCchamp"]
[Result "1-0"]
[WhiteElo "2641"]
[BlackElo "2331"]
[TimeControl "180+1"]
[EndTime "8:08:13 PDT"]
[Termination "AljoschaFeuerstack won by checkmate"]

1. e4 c6 2. d3 d5 3. Nd2 dxe4 4. dxe4 Qc7 5. Ngf3 e5 6. Bc4 Be7 7. O-O Nf6 8. a4 O-O 9. c3 a5 10. Qe2 Nbd7 11. Rd1 Rd8 12. Bxf7+ Kxf7 13. Qc4+ Ke8 14.
Ng5 Nd5 15. Ne6 Qd6 16. Nxg7+ Kf8 17. Nf5 N5b6 18. Nxd6 Nxc4 19. N2xc4 Nc5 20. Be3 Nb3 21. Rab1 Be6 22. Nb6 Rab8 23. Nf5 Bc5 24. Bxc5+ Nxc5 25. Re1 Bb3 26. Ne3 Bxa4 27. Nxa4 Nxa4 28. Nc4 Nc5 29.
Nxa5 Rd2 30. Nc4 Rd3 31. Nxe5 Rd2 32. Nf3 Rc2 33. Nd4 Rd2 34. f3 Rd8 35. Red1 Rxd1+ 36.
Rxd1 Ke7 37. Nf5+ Ke8 38. Rxd8+ Kxd8 39. Kf1 Kd7 40. Ke2 Ne6 41. g3 Ng5 42. h4 Ne6 43.
Kd3 Nc5+ 44. Kc4 Ne6 45. b4 b6 46. Nd4 Nc7 47. f4 Ne8 48. e5 Nc7 49. g4 Nd5 50. f5 Ne3+ 51. Kd3 Nxg4 52. Ke4 Nh6 53. c4 Ng8 54. c5 b5 55. e6+ Ke7 56. Ke5 Nf6 57. Nxc6+ Ke8 58. Kxf6 Kf8 59. e7+ Ke8 60. Kg7 h5 61. Kg8 Kd7 62. Kf7 Kc7 63. e8=Q Kb7 64. Qd7+ Ka6 65. Qa7# 1-0

[Event "Early-Titled-Tuesday-Blitz-May-28-2024"]
[Site "Chess.com"]
[Date "2024.05.28"]
[Round "1"]
[White "chessfatbear"]
[Black "xakevicius91"]
[Result "1/2-1/2"]
[WhiteElo "2823"]
[BlackElo "2480"]
[TimeControl "180+1"]
[EndTime "8:08:14 PDT"]
[Termination "Game drawn by repetition"]

1. e4 c5 2. Nf3 e6 3. d4 cxd4 4. Nxd4 Nc6 5. Nc3 Qc7 6. Be2 a6 7. O-O Nf6 8. Nxc6 bxc6 9. b3 Be7 10. Bb2 d5 11. Bd3 O-O 12. Qf3 h6 13. Rfe1 Bb7 14. e5 Nd7 15. Ne2 c5 16. Nf4 c4 17. bxc4 dxc4 18.
Be4 Bxe4 19. Rxe4 Rab8 20. Bc3 Bb4 21. Nh5 Bxc3 22. Qxc3 Qb7 23. Rae1 Qb2 24. Qg3 g6 25. Nf4 Kh7 26. h4 Qxc2 27. Rd4 Nc5 28. Kh2 Rb2 29. Re2 Qc1 30. Rxb2 Qxb2 31. Rxc4 Qxe5 32. Nxg6 Qxg3+ 33. Kxg3 Ne4+ 34. Rxe4 Kxg6 35. Ra4 Ra8 36. Ra5 Ra7 37. h5+ Kf6 38. Kf4 Re7 39. g4 Ra7 40. Ke4 Rc7 41.
Rxa6 Rc4+ 42. Kf3 Rc3+ 43. Kf4 Rc4+ 44. Kg3 Rc3+ 45. f3 Rc2 46. a4 Ra2 47. a5 Kg5 48.
Ra8 Kf6 49. a6 e5 50. a7 Kg7 51. Kh4 Rh2+ 52. Kg3 Ra2 53. Kh3 Kf6 54. Kg3 Kg7 1/2-1/2

[Event "Early-Titled-Tuesday-Blitz-May-28-2024"]
[Site "Chess.com"]
[Date "2024.05.28"]
[Round "1"]
[White "BardArtem"]
[Black "db-banana"]
[Result "0-1"]
[WhiteElo "2805"]
[BlackElo "2486"]
[TimeControl "180+1"]
[EndTime "8:08:14 PDT"]
[Termination "db-banana won by resignation"]

1. Nf3 Nf6 2. b3 d5 3. Bb2 Bg4 4. e3 e6 5. Be2 Bd6 6. Ne5 Bf5 7.
d3 Nbd7 8. Nxd7 Nxd7 9. Nd2 Be5 10. Bxe5 Nxe5 11. d4 Nc6 12. Nf3 O-O 13. O-O Re8 14. c4 e5 15. dxe5 dxc4 16. Bxc4 Nxe5 17. Nxe5 Rxe5 18. Qxd8+ Rxd8 19. Rfd1 Ree8 20. f3 g6 21. e4 Be6 22. Bxe6 Rxd1+ 23. Rxd1 Rxe6 24. Rc1 c6 25. Kf2 Rd6 26. Ke2 Kf8 27. h4 h5 28.
Ke3 Ke7 29. b4 Rd7 30. a4 Ke6 31. g4 Rd8 32. gxh5 gxh5 33. Rg1 Rd7 34. f4 f6 35.
f5+ Ke5 36. Rg8 Kd6 37. Rh8 Rg7 38. Rxh5 Ke5 39. Kf3 Rg1 40. Rh8 Rf1+ 41. Ke3 Re1+ 42. Kd3 Rd1+ 43. Ke2 Rb1 44. Re8+ Kf4 45. e5 Kxf5 46.
e6 Rxb4 47. h5 Re4+ 48. Kd3 Rxe6 49. Rb8 Re7 50. Rh8 Kg5 51. Kd4 f5 52. a5 b6 53. h6 bxa5 54. Rh7 Rxh7 0-1

[Event "Early-Titled-Tuesday-Blitz-May-28-2024"]
[Site "Chess.com"]
[Date "2024.05.28"]
[Round "1"]
[White "Nitzan_Steinberg"]
[Black "yobdc"]
[Result "1-0"]
[WhiteElo "2906"]
[BlackElo "2509"]
[TimeControl "180+1"]
[EndTime "8:08:17 PDT"]
[Termination "Nitzan_Steinberg won on time"]

1. d4 Nf6 2. c4 g6 3. Nc3 Bg7 4. e4 d6 5. Nf3 O-O 6. Be2 e5 7.
O-O exd4 8. Nxd4 Re8 9. f3 c6 10. Kh1 d5 11. exd5 cxd5 12. c5 Nc6 13. Ncb5 Nh5 14. Nxc6 bxc6 15. Nd6 Qh4 16. Qe1 Ng3+ 17. Qxg3 Qxg3 18. hxg3 Rxe2 19. Rb1 Ba6 20. a3 Rc2 21. Re1 Rxc5 22. Bf4 Rc2 23. b4 h6 24. Re7 Bf8 25.
Rc7 g5 26. Be5 f6 27. Bxf6 Bxd6 28. Rg7+ Kf8 29. f4 Re8 30. fxg5 hxg5 31. Rh7 Ree2 32. Rf1 Rf2 33. Rxf2 Rxf2 34. Bd4 Rf1+ 35. Kh2 Bd3 36. Rxa7 Rf7 37. Ra8+ Ke7 38. a4 Rh7+ 39. Kg1 Ke6 40. g4 Bg3 41. Re8+ Kd7 42. Re3 Bf4 43. Rxd3 Re7 44.
Rd1 Re2 45. a5 Ra2 46. Rb1 Kc8 47. Kf1 Kb7 48. Re1 Ka6 49. Bc5 Bg3 50. Rd1 Rc2 51. Be3 Be5 52. Bxg5 Rb2 53. Bd2 Bg3 54.
g5 d4 55. Ke2 Be5 56. Kd3 Rb3+ 57. Ke4 Bg7 58. Bf4 Rg3 59. Bxg3 Kb5 60. Be5 Bf8 61. Rxd4 1-0

[Event "Early-Titled-Tuesday-Blitz-May-28-2024"]
[Site "Chess.com"]
[Date "2024.05.28"]
[Round "1"]
[White "Rdeux42"]
[Black "Andrey_Klymchuk"]
[Result "1-0"]
[WhiteElo "2413"]
[BlackElo "2697"]
[TimeControl "180+1"]
[EndTime "8:08:17 PDT"]
[Termination "Rdeux42 won by resignation"]

1. e4 c5 2. Nf3 Nc6 3. Bb5 g6 4. O-O Bg7 5. c3 Nf6 6. Re1 O-O 7. d4 d5 8. e5 Ne4 9. Be3 Qb6 10. Bxc6 bxc6 11. Qc1 cxd4 12. cxd4 a5 13. Nc3 Nxc3 14.
bxc3 Bf5 15. Nh4 Be4 16. Qd2 Qa6 17. Rad1 Rab8 18. f3 Bf5 19. Nxf5 gxf5 20. Bh6 Bxh6 21. Qxh6 Kh8 22. Qg5 Rg8 23. Qxe7 Rb2 24. Qf6+ Rg7 25. g3 Qc4 26. e6 Qxa2 27. Qh4 Rg2+ 28. Kh1 fxe6 29. Rxe6 Re2 30. Re1 Rxe1+ 31. Rxe1 Rg6 32. Re8+ Kg7 33. Re7+ Kf8 34. Qxh7 Qb1+ 35. Kg2 Qc2+ 36. Kh3 Rh6+ 37. Qxh6+ Kxe7 38. Qxc6 a4 39. Qxd5 Qb3 40. Qe5+ Kd8 41. Qxf5 a3 42. Qa5+ Kd7 43. d5 a2 44.
Qa6 Qb2 45. Qc6+ Kd8 46. d6 Qb8 47. Qa6 Qb2 48. Qa7 Qxc3 49. Qxa2 Qh8+ 50. Kg2 Qe5 51.
Qd2 Kd7 52. h4 Qf5 53. g4 Qf6 54. h5 Qe5 55. h6 Qf6 56. Kf2 Qh4+ 57. Kg2 Qf6 58.
Qe3 Kxd6 59. g5 Qg6 60. Qd4+ Ke6 61. Qf6+ Qxf6 62. gxf6 Kxf6 63. Kg3 Kg6 64. Kf4 Kxh6 65. Kf5 Kg7 66. Ke6 Kg8 67. Kf6 Kf8 68. f4 Ke8 69. Kg7 Ke7 70. f5 Kd6 71. f6 Ke5 72. f7 Ke4 73. f8=Q 1-0

[Event "Early-Titled-Tuesday-Blitz-May-28-2024"]
[Site "Chess.com"]
[Date "2024.05.28"]
[Round "1"]
[White "littlepinkyboy"]
[Black "JJDAREK"]
[Result "0-1"]
[WhiteElo "2638"]
[BlackElo "2366"]
[TimeControl "180+1"]
[EndTime "8:08:18 PDT"]
[Termination "JJDAREK won by checkmate"]

1. e4 d6 2. d4 Nf6 3. Nc3 g6 4. Nf3 Bg7 5. Bc4 O-O 6. O-O Bg4 7. h3 Bxf3 8. Qxf3 Nc6 9. Be3 e5 10. d5 Ne7 11. Qd1 Kh8 12. f4 exf4 13. Rxf4 Nd7 14. Bd4 Bxd4+ 15. Qxd4+ Ne5 16. Be2 Kg8 17. Raf1 c6 18.
dxc6 bxc6 19. Rf6 Nf5 20. R1xf5 gxf5 21. Rxd6 Qb6 22. exf5 Rfd8 23. Qxb6 axb6 24. Rxd8+ Rxd8 25. Nb1 b5 26. Kf2 Nc4 27. Bxc4 bxc4 28. Ke2 Rb8 29.
b3 cxb3 30. cxb3 Rb5 31. g4 Rc5 32. Kd2 Kg7 33. Nc3 Kh6 34. Kd3 Ra5 35. a4 Kg5 36. b4 Ra8 37. a5 Kh4 38. Ke4 Kxh3 39. Kf4 Rb8 40. Na2 Rb5 41. Kg5 c5 42. a6 cxb4 43.
a7 Ra5 44. Nxb4 Rxa7 45. Nc6 Ra4 46. Ne5 Kg3 47. Kh5 Kf4 48. Nxf7 Ra1 49. Kh6 Kxg4 50. f6 Kf5 51. Kg7 Rg1+ 52. Kxh7 Kxf6 53. Nh8 Rg2 54. Ng6 Rxg6 55. Kh8 Kf7 56. Kh7 Rf6 57. Kh8 Rh6# 0-1

[Event "Early-Titled-Tuesday-Blitz-May-28-2024"]
[Site "Chess.com"]
[Date "2024.05.28"]
[Round "1"]
[White "AwareIdea"]
[Black "platy3"]
[Result "0-1"]
[WhiteElo "2490"]
[BlackElo "2883"]
[TimeControl "180+1"]
[EndTime "8:08:21 PDT"]
[Termination "platy3 won on time"]

1. d4 Nf6 2. c4 g6 3. Nc3 d6 4. Nf3 Bg7 5. e4 O-O 6. Be2 e5 7. O-O Nc6 8. d5 Ne7 9. b4 a5 10. Ba3 axb4 11. Bxb4 b6 12. a4 Nd7 13. a5 bxa5 14.
Rxa5 Rb8 15. Qa4 c5 16. dxc6 Nxc6 17. Rb5 Nxb4 18. Qxb4 Ba6 19. Rxb8 Qxb8 20. Qa3 Nc5 21. Rd1 Rd8 22. Nd2 Bh6 23. Nf1 Qb3 24. Qxb3 Nxb3 25.
Rb1 Nd4 26. Bd3 Ne6 27. Rb6 Nc5 28. Be2 Kf8 29. f3 f5 30. Kf2 Kf7 31. Ne3 Bc8 32. Ned5 Be6 33. Nb5 Bf8 34. Nbc3 Ra8 35. Rc6 Rc8 36.
Rxc8 Bxc8 37. Ke3 Bh6+ 38. Kf2 Bd7 39. Bd1 Bf8 40. Ke2 h5 41. Bc2 h4 42. Ne3 f4 43.
Ned5 h3 44. Kf2 hxg2 45. Kxg2 g5 46. Nb5 g4 47. Bd1 gxf3+ 48. Bxf3 Nd3 49. Be2 Nc5 50. Bf3 Kg6 51. Kf2 Kg5 52. Kg2 Nb3 53. Nbc7 Nd2 54. Nb5 Nxc4 55. Nbc7 Nd2 56. Na6 Kh4 57. Nab4 Bh3+ 58.
Kf2 Bh6 59. Nd3 Bg5 60. Ne1 Bd8 61. Bh1 Ba5 62. Ke2 Nb3 63. Nf3+ Kh5 64. Ne1 Nd4+ 65. Kd1 Bg4+ 0-1

[Event "Early-Titled-Tuesday-Blitz-May-28-2024"]
[Site "Chess.com"]
[Date "2024.05.28"]
[Round "1"]
[White "Alex_Sahakyan2006"]
[Black "Bob_2004"]
[Result "1-0"]
[WhiteElo "2858"]
[BlackElo "2482"]
[TimeControl "180+1"]
[EndTime "8:08:22 PDT"]
[Termination "Alex_Sahakyan2006 won by resignation"]

1. e4 c5 2. Nf3 Nf6 3. Nc3 d5 4. exd5 Nxd5 5. Bc4 Nb6 6. Bb5+ Bd7 7. Bxd7+ Qxd7 8. O-O Nc6 9. d3 e6 10. a4 Be7 11. a5 Nd5 12. Ne4 O-O 13. b3 f5 14.
Ng3 Bf6 15. Ba3 Bxa1 16. Qxa1 b6 17. a6 Ndb4 18. Qc3 Nxa6 19. Bb2 Nc7 20. Nh5 Nd4 21.
Nxd4 cxd4 22. Qxd4 Qxd4 23. Bxd4 Rf7 24. Ra1 Rb8 25. Be5 Rb7 26. Ra4 Nd5 27. Rc4 g6 28. Ng3 Rf8 29. Ne2 Kf7 30. Nd4 Rd7 31. Rc6 Re8 32.
Nb5 Ne7 33. Nd6+ Kf8 34. Rc4 Red8 35. Nb5 Rc8 36. Nd4 Rxc4 37. Nxe6+ Ke8 38. bxc4 Nc6 39. Bc3 Re7 40. Nf4 a5 41. Nd5 Re2 42. Ne3 Nb4 43. Bxb4 axb4 44. Kf1 b3 45. cxb3 Rb2 46. Nd5 Rxb3 47.
Ke2 Kf7 48. Ke3 Ke6 49. f4 Rb2 50. g3 Kd6 51. h4 b5 52. Kd4 b4 53. c5+ Kc6 54.
Ne7+ Kd7 55. Nd5 Rg2 56. Nxb4 Rxg3 57. Kd5 Rf3 58. c6+ Kc8 59. Ke5 Re3+ 60. Kd6 Re1 61. Nd5 Rc1 62. d4 Rc4 63. Nb6+ 1-0

[Event "Early-Titled-Tuesday-Blitz-May-28-2024"]
[Site "Chess.com"]
[Date "2024.05.28"]
[Round "1"]
[White "isla88"]
[Black "mr_gustavo"]
[Result "1/2-1/2"]
[WhiteElo "2424"]
[BlackElo "2731"]
[TimeControl "180+1"]
[EndTime "8:08:22 PDT"]
[Termination "Game drawn - insufficient material"]

1. Nf3 d5 2. e3 Nc6 3. c4 dxc4 4. Bxc4 e5 5. Nc3 h6 6. O-O Nf6 7. d4 exd4 8. exd4 Be7 9. d5 Nb8 10. Bf4 O-O 11. Qd4 Bd6 12. Ne5 Nbd7 13. Rfe1 Nxe5 14.
Bxe5 Bxe5 15. Rxe5 Ne8 16. Ne4 Nd6 17. Nxd6 cxd6 18.
Re3 Bf5 19. Rae1 Qd7 20. h3 Rfe8 21. Rxe8+ Rxe8 22. Rxe8+ Qxe8 23. Qxa7 Qe1+ 24. Kh2 Qe5+ 25. g3 Qxb2 26. Qe3 Kh7 27. Bd3 Bxd3 28. Qxd3+ Kg8 29. Qf5 g6 30. Qc8+ Kg7 31. Kg2 b5 32. Qc6 Qb4 33. h4 Qc5 34. Qb7 b4 35. Qc6 Kf6 36. Qb7 Qd4 37.
Qc6 Qe4+ 38. Kh2 Ke5 39. Qe8+ Kxd5 40. Qxf7+ Kd4 41. Qb3 Kc5 42. Qf7 d5 43. Qf8+ Kc4 44. Qxh6 Kc3 45. Qc1+ Qc2 46. Qe3+ Kc4 47. g4 Qxa2 48.
h5 gxh5 49. gxh5 b3 50. h6 Qc2 51. Qf4+ d4 52. Qf7+ Kc3 53. h7 b2 54. Qc7+ Kd2 55. Qf4+ Ke1 56. h8=Q b1=Q 57. Qhe5+ Kf1 58. Qexd4 Qh7+ 59. Qh4 Qb8+ 60. Kh3 Qc8+ 61. Qg4 Qc3+ 62. Qg3 Qc8+ 63.
Kh2 Qxh4+ 64. Qxh4 Qc7+ 65. Qg3 Qh7+ 66. Qh3+ Qxh3+ 67. Kxh3 Kxf2 1/2-1/2

[Event "Early-Titled-Tuesday-Blitz-May-28-2024"]
[Site "Chess.com"]
[Date "2024.05.28"]
[Round "1"]
[White "MiguelBestard1981"]
[Black "Sadykov_Ramil"]
[Result "1-0"]
[WhiteElo "2273"]
[BlackElo "2587"]
[TimeControl "180+1"]
[EndTime "8:08:23 PDT"]
[Termination "MiguelBestard1981 won on time"]

1. d4 g6 2. h4 Nf6 3. Nc3 d5 4. Bf4 Bg7 5. e3 h5 6. Nf3 a6 7. Ne5 c6 8. Bd3 Ng4 9. Nxg6 fxg6 10. Bxg6+ Kf8 11. Rh3 Be6 12. Rf3 Nf6 13. e4 dxe4 14. Nxe4 Nbd7 15. Ng5 Bg8 16. Qe2 Rh6 17. Ne6+ Bxe6 18.
Bxh6 Bg4 19. Qc4 Qa5+ 20. Bd2 Qd5 21. Qxd5 cxd5 22. Rg3 e6 23. f3 Bf5 24. Bxf5 exf5 25. O-O-O Kf7 26. Re1 Re8 27. Rxe8 Nxe8 28. c3 Bf6 29. Rh3 Ng7 30. Rh1 Ne6 31. g3 f4 32.
Bxf4 Nxf4 33. gxf4 Nf8 34. Kd2 Ng6 35. Ke3 Nxh4 36.
f5 Bg5+ 37. f4 Bf6 38. Rh2 Nxf5+ 39. Kf3 h4 40. Kg4 Kg6 41. Re2 Nh6+ 42. Kh3 Kf7 43. Rg2 b5 44. Re2 Nf5 45. a3 Nd6 46. Rg2 Nc4 47.
Re2 Kg6 48. Kg4 Kf7 49. f5 a5 50. Re6 b4 51. axb4 axb4 52. Rc6 bxc3 53. bxc3 Nd2 54. Rc5 Ne4 55. Rxd5 Nxc3 56. Ra5 Ne4 57. Kh3 Nd6 58. Ra6 1-0